 Dungeon Crawl Stone Soup version 0.21-a0-227-g58a7c62 (webtiles) character file.

50 Gorglomux the Changer (level 3, -1/26 HPs)
             Began as a Gnoll Transmuter on Aug 30, 2017.
             Slain by an orc (3 damage)
             ... on level 2 of the Dungeon.
             The game lasted 00:03:03 (1288 turns).

Gorglomux the Changer (Gnoll Transmuter)            Turns: 1288, Time: 00:03:07

Health: -1/26      AC:  2    Str:  7    XL:     3   Next: 79%
Magic:  3/7        EV: 19    Int:  7    God:
Gold:   82         SH:  0    Dex:  7    Spells: 2/8 levels left

rFire    . . .     SeeInvis .     - Unarmed
rCold    . . .     Gourm    .   (shield currently unavailable)
rNeg     . . .     Faith    .   (armour currently unavailable)
rPois    x         Spirit   .   (helmet currently unavailable)
rElec    .         Reflect  .   (cloak currently unavailable)
rCorr    .         Harm     .   (gloves currently unavailable)
MR       .....                  (boots currently unavailable)
Stlth    +.........             (no amulet)
HPRegen  0.08/turn              (no ring)
MPRegen  0.10/turn              (no ring)

@: spider-form (expiring)
A: unchanging attributes, strong nose
a: End Transformation


You were on level 2 of the Dungeon.
You were not hungry.
You were a venomous arachnid creature.
You visited 1 branch of the dungeon, and saw 2 of its levels.

You collected 82 gold pieces.

Inventory:

Missiles
 a - 51 arrows
Armour
 A - a +2 robe of magic resistance (melded)
Scrolls
 C - a scroll of immolation {unknown}
 F - a scroll of enchant weapon {unknown}
 G - a scroll of enchant armour {unknown}
Potions
 g - 2 potions of heal wounds {unknown}
 h - a potion of curing {unknown}
 E - a potion of might {unknown}
Books
 c - a book of Changes

   Spells                             Type                      Level
   a - Beastly Appendage              Transmutation                1
   b - Sticks to Snakes               Transmutation                2
   c - Spider Form                    Transmutation/Poison         3
   d - Ice Form                       Ice/Transmutation            4
   e - Blade Hands                    Transmutation                5
Comestibles
 d - 4 bread rations
 z - 3 meat rations
 D - 5 chunks of flesh


   Skills:
 - Level 1.3 Fighting
 - Level 2.6 Dodging
 - Level 4.0 Unarmed Combat
 + Level 3.1 Spellcasting
 + Level 4.5 Transmutations
 - Level 2.1 Poison Magic


You had 2 spell levels left.
You knew the following spells:

 Your Spells              Type           Power        Failure   Level  Hunger
a - Beastly Appendage     Tmut           #.....       16%         1    ##.....
b - Sticks to Snakes      Tmut           #.......     21%         2    ###....
c - Spider Form           Tmut/Pois      #.........   47%         3    ####...


Dungeon Overview and Level Annotations

Branches:
Dungeon (2/15)

Altars:


Innate Abilities, Weirdness & Mutations

Your physical attributes are unchanging.
((You have very sharp teeth.))
Your uncanny sense of smell can sniff out nearby items.


Message History

The orc completely misses you!
You closely miss the orc priest!
Your transformation is almost over!
The orc priest butt-ly misses you!
You maul the orc priest!
The orc priest is poisoned!
The orc priest is lightly wounded!
The orc hits you!
You maul the orc priest!
The orc priest looks as sick as possible!!!
The orc priest is moderately wounded!
The orc priest hits you with an enchanted war axe!
The orc completely misses you! The orc misses you!
You barely miss the orc priest!
The orc priest butts moderately wounded!
The orc priest hits butt with an enchanted war axe!!!
DANG The orc hits you with a flail! * * * don't die
* * * The orc hits you! rip

∆ ∆ #.#.# #....
.......#.#.#
.8...8.#.#.# ∆
...o...#.#.#
.......#.#.#
...oo..#.#.#####.
.8...8.#so.......
.......#oo###....
.....o.(o.# .
##...##.#(# ∆ #.
###.#.# ∆ ....#.#
∆∆ #.###.# #.#
#.# #.# #.#


You could see an orc priest and 3 orcs.

Vanquished Creatures
  2 adders (D:2)
  2 dart slugs (D:1)
  An orc (D:2)
  2 giant cockroaches (D:1)
  A goblin (D:1)
  5 hobgoblins
  A quokka (D:2)
  A ball python (D:1)
  4 bats
  3 frilled lizards (D:1)
  3 kobolds
  4 rats
29 creatures vanquished.

Notes
Turn   | Place    | Note
-------+----------+-------------------------------------------
     0 | D:1      | Gorglomux the Gnoll Transmuter began the quest for the Orb.
     0 | D:1      | Reached XP level 1. HP: 15/15 MP: 4/4
    40 | D:1      | Reached skill level 3 in Transmutations
   170 | D:1      | Reached XP level 2. HP: 14/21 MP: 4/6
   182 | D:1      | Learned a level 2 spell: Sticks to Snakes
   948 | D:2      | Reached XP level 3. HP: 15/26 MP: 5/7
   953 | D:2      | Learned a level 3 spell: Spider Form
  1160 | D:2      | Reached skill level 1 in Poison Magic
  1288 | D:2      | Slain by an orc

Vault maps used:
D:1:      eino_arrival_cavern_a
D:2:      cheibrodos_pilgrimage, chequers_ecumenical_altar_simple,
          minmay_misc_feat_chi, st_stairs_10

Skill      XL: |  1  2  3 |
---------------+----------+-----
Transmutations | 3 4 |  4.5
Poison Magic   | 2 |  2.1
Fighting       | |  1.3
Dodging        | |  2.6
Unarmed Combat | |  4.0
Spellcasting   | |  3.1

Action                   || total
-------------------------++-------
Melee: Unarmed           ||   104
       Headbutt          ||     3
       Punch             ||     1
       Kick              ||     1
 Cast: Beastly Appendage ||    13
       Spider Form       ||     3
  Eat: Chunk             ||     2
Armor: Robe              ||    45
       Skin              ||     2
Dodge: Dodged            ||    78

Table legend:
 A = Spawn XP
 B = Non-spawn XP
 C = Spawn XP percentage of total XP
 D = Spawn monster count
 E = Non-spawn monster count
 F = Spawn count percentage of total count
 G = Total turns spent on level
                    A         B        C        D         E        F      G
               +---------+---------+-------+---------+---------+-------+---------
         Total |       6 |      66 |   8.3 |       4 |      25 |  13.8 |  1288
               +---------+---------+-------+---------+---------+-------+---------
           D:1 |       6 |      25 |  19.4 |       4 |      14 |  22.2 |   939
           D:2 |       0 |      41 |   0.0 |       0 |      11 |   0.0 |   349
               +---------+---------+-------+---------+---------+-------+---------
